 Dungeon Crawl Stone Soup version 0.23.2-33-g5129a83184 (webtiles) character file.

Game seed: 10702293538325069996

82 Alterion the Vexing (level 4, -2/34 HPs)
             Began as a Gnoll Arcane Marksman on July 8, 2019.
             Slain by an iguana (9 damage)
             ... on level 5 of the Dungeon.
             The game lasted 00:07:44 (2456 turns).

Alterion the Vexing (Gnoll Arcane Marksman)         Turns: 2456, Time: 00:07:45

Health: -2/34      AC:  6    Str: 13    XL:     4   Next: 43%
Magic:  8/8        EV: 14    Int: 15    God:
Gold:   98         SH:  0    Dex: 16    Spells: 8/9 levels left

rFire    . . .     SeeInvis +   p - +1 short sword (venom)
rCold    . . .     Gourm    .   (no shield)
rNeg     . . .     Faith    .   q - +0 leather armour
rPois    .         Spirit   .   k - +0 helmet
rElec    .         Reflect  .   (no cloak)
rCorr    .         Harm     .   l - +1 pair of gloves
MR       .....                  (no boots)
Stlth    ++........             (no amulet)
HPRegen  0.11/turn              i - ring of see invisible
MPRegen  0.11/turn              (no ring)

@: lethally poisoned (-2 -> -9)
A: distributed training, fangs 1, strong nose
a: no special abilities


You were on level 5 of the Dungeon.
You were hungry.

You visited 1 branch of the dungeon, and saw 5 of its levels.

You collected 98 gold pieces.

Inventory:

Hand Weapons
 e - a +0 club
 m - a +0 hand axe
 p - a +1 short sword of venom (weapon)
Missiles
 c - 3 javelins (quivered)
 d - a throwing net
 s - 33 arrows
Armour
 a - a +0 robe
 k - a +0 helmet (worn)
 l - a +1 pair of gloves (worn)
 q - a +0 leather armour (worn)
Magical Staves
 r - an uncursed staff of earth {unknown}
Jewellery
 i - a ring of see invisible (left hand)
Scrolls
 b - a scroll of immolation {unknown}
 g - 2 scrolls of remove curse {unknown}
 h - a scroll of fog {unknown}
 j - a scroll of teleportation
 n - a scroll of random uselessness {unknown}
 o - 2 scrolls of magic mapping {unknown}
 t - a scroll of identify {unknown}
Potions
 w - a potion of flight {unknown}
Comestibles
 f - 6 rations


   Skills:
 + Level 2.7 Fighting
 + Level 1.1 Short Blades
 + Level 1.1 Long Blades
 + Level 1.1 Axes
 + Level 1.1 Maces & Flails
 + Level 1.1 Polearms
 + Level 1.1 Staves
 + Level 1.1 Slings
 + Level 1.1 Bows
 + Level 1.1 Crossbows
 + Level 4.6 Throwing
 + Level 1.1 Armour
 + Level 4.6 Dodging
 + Level 1.1 Stealth
 + Level 1.1 Shields
 + Level 1.1 Unarmed Combat
 + Level 3.0 Spellcasting
 + Level 0.8 Conjurations
 + Level 5.4 Hexes
 + Level 0.8 Charms
 + Level 0.8 Summonings
 + Level 0.8 Necromancy
 + Level 0.8 Translocations
 + Level 0.8 Transmutations
 + Level 0.8 Fire Magic
 + Level 0.8 Ice Magic
 + Level 0.8 Air Magic
 + Level 0.8 Earth Magic
 + Level 0.8 Poison Magic
 + Level 1.2 Invocations
 + Level 1.1 Evocations


You had 8 spell levels left.
You knew the following spells:

 Your Spells              Type           Power        Failure   Level  Hunger
a - Corona                Hex            ###....      2%          1    #......

Your spell library contained the following spells:

 Spells                   Type           Power        Failure   Level  Hunger
 Slow                     Hex            ###.....     4%          2    ##.....
 Inner Flame              Hex/Fire       ##......     21%         3    ###....
 Portal Projectile        Hex/Tloc       ##....       21%         3    ###....
 Cause Fear               Hex            ###.......   26%         4    #####..
 Leda's Liquefaction      Hex/Erth       ##........   56%         4    #####..


Dungeon Overview and Level Annotations

Branches:
Dungeon (5/15)
 Temple: D:4-7

Altars:

Annotations:
D:2 Sigmund
D:4 Blork the orc


Innate Abilities, Weirdness & Mutations

Your experience applies equally to all skills.
You have very sharp teeth.
Your uncanny sense of smell can sniff out nearby items.


Message History

You climb downwards.
An iguana and an adder come into view.
The adder hisses angrily.
The iguana hisses angrily.
There is a stone staircase leading up here.
The adder misses you.
You closely miss the adder. The adder closely misses you.
You closely miss the adder. The adder bites you.
The adder bites you but does no damage.
You closely miss the adder. The adder bites you.
You are poisoned.
The adder poisons you!
You are too injured to fight recklessly!
You closely miss the adder.
You feel sick. The adder bites you.
You are more poisoned.
The adder poisons you! The iguana bites you!
* * * LOW HITPOINT WARNING * * *
You closely miss the adder. Your bite misses the adder.
* * * LOW HITPOINT WARNING * * *
You feel sick. The adder closely misses you. The iguana bites you!
You die...

.. #. #.
#. ##.##
##...##
###..S..#
#....l@<#
#.#.....#
##...##
#####


You could see an iguana and an adder.

Vanquished Creatures
  A jelly (D:2)
  3 worms
  2 dart slugs (D:1)
  A leopard gecko (D:1)
  3 orcs
  7 goblins
  3 hobgoblins
  2 quokkas (D:2)
  3 bats
  2 frilled lizards (D:1)
  8 kobolds
  4 rats
39 creatures vanquished.

Notes
Turn   | Place    | Note
-------+----------+-------------------------------------------
     0 | D:1      | Alterion the Gnoll Arcane Marksman began the quest for the
                  | Orb.
     0 | D:1      | Reached XP level 1. HP: 17/17 MP: 4/4
   367 | D:1      | Reached XP level 2. HP: 18/23 MP: 5/5
   687 | D:1      | Reached XP level 3. HP: 28/28 MP: 7/7
   998 | D:2      | Noticed Sigmund
  1169 | D:2      | Reached skill level 1 in Short Blades
  1169 | D:2      | Reached skill level 1 in Long Blades
  1169 | D:2      | Reached skill level 1 in Axes
  1169 | D:2      | Reached skill level 1 in Maces & Flails
  1169 | D:2      | Reached skill level 1 in Polearms
  1169 | D:2      | Reached skill level 1 in Staves
  1169 | D:2      | Reached skill level 1 in Slings
  1169 | D:2      | Reached skill level 1 in Bows
  1169 | D:2      | Reached skill level 1 in Crossbows
  1169 | D:2      | Reached skill level 1 in Armour
  1169 | D:2      | Reached skill level 1 in Stealth
  1169 | D:2      | Reached skill level 1 in Shields
  1169 | D:2      | Reached skill level 1 in Unarmed Combat
  1169 | D:2      | Reached skill level 1 in Invocations
  1169 | D:2      | Reached skill level 1 in Evocations
  1169 | D:2      | Reached XP level 4. HP: 7/34 MP: 8/8
  2439 | D:3      | You fall through a shaft!
  2446 | D:4      | Noticed Blork the orc
  2450 | D:5      | Entered Level 5 of the Dungeon
  2456 | D:5      | Slain by an iguana

Skill      XL: |  1  2  3  4 |
---------------+-------------+-----
Short Blades   | 1 |  1.1
Long Blades    | 1 |  1.1
Axes           | 1 |  1.1
Maces & Flails | 1 |  1.1
Polearms       | 1 |  1.1
Staves         | 1 |  1.1
Slings         | 1 |  1.1
Bows           | 1 |  1.1
Crossbows      | 1 |  1.1
Armour         | 1 |  1.1
Stealth        | 1 |  1.1
Shields        | 1 |  1.1
Unarmed Combat | 1 |  1.1
Invocations    | 1 |  1.2
Evocations     | 1 |  1.1
Spellcasting   | 3 |  3.0
Fighting       | |  2.7
Throwing       | |  4.6
Dodging        | |  4.6
Conjurations   | |  0.8
Hexes          | |  5.4
Charms         | |  0.8
Summonings     | |  0.8
Necromancy     | |  0.8
Translocations | |  0.8
Transmutations | |  0.8
Fire Magic     | |  0.8
Ice Magic      | |  0.8
Air Magic      | |  0.8
Earth Magic    | |  0.8
Poison Magic   | |  0.8

Action                   |  1- 3 |  4- 6 || total
-------------------------+-------+-------++-------
Melee: Club              |    63 |    28 ||    91
       Bite              |     7 |     4 ||    11
       Short sword       |       |    10 ||    10
Throw: Javelin           |    21 |    14 ||    35
       Throwing net      |     1 |     2 ||     3
 Cast: Corona            |     2 |       ||     2
  Use: Potion            |       |     2 ||     2
       Scroll            |       |     1 ||     1
 Stab: Held in net/web   |     1 |       ||     1
       Sleeping          |     1 |       ||     1
  Eat: Chunk             |     1 |     3 ||     4
Armor: Robe              |    10 |       ||    10
       Leather armour    |       |    11 ||    11
Dodge: Dodged            |    58 |    26 ||    84
